 Dungeon Crawl Stone Soup version 0.31-a0-691-g409c26aa35 (webtiles) character file.

Game seed: 14294717343592240244

34870 qw the Marksgargoyle (level 13, 0/84 HPs)
             Began as a Gargoyle Hunter on Sept 6, 2023.
             Was a High Priest of Okawaru.
             Slain by a blink frog (10 damage)
             ... on level 5 of the Lair of Beasts.
             The game lasted 00:05:27 (11269 turns).

qw the Marksgargoyle (Gargoyle Hunter)             Turns: 11269, Time: 00:05:28

Health: 0/84       AC: 28    Str: 15    XL:     13   Next: 80%
Magic:  20/20      EV: 18    Int: 11    God:    Okawaru [*****.]
Gold:   840        SH:  0    Dex: 17    Spells: 12/12 levels left

rFire   + . .        Y - +5 longbow (drain)
rCold   . . .        (shield currently unavailable)
rNeg    + . .        r - +2 steam dragon scales
rPois   inf          t - +1 helmet
rElec   +            (no cloak)
rCorr   .            (no gloves)
SInv    .            i - +2 pair of boots
Will    .....        k - amulet of faith
Stlth   +++          l - +4 ring of protection
HPRegen 0.34/turn    n - ring of protection from fire
MPRegen 0.17/turn

%: faith
@: about to teleport, heroic
A: sickness immunity, AC +9, negative energy resistance 1, electricity
resistance, torment resistance 1, petrification resistance
a: Renounce Religion, Heroism, Finesse, Duel


You were on level 5 of the Lair of Beasts.
You worshipped Okawaru.
Okawaru was extremely pleased with you.
You visited 3 branches of the dungeon, and saw 14 of its levels.

You collected 840 gold pieces.


Innate Abilities, Weirdness & Mutations

You are immune to sickness and miasma.
Your stone body is resilient. (AC +9)
You are immune to poison.
You resist negative energy. (rN+)
You are resistant to electric shocks. (rElec)
You are resistant to unholy torment.
You are immune to petrification.


   Skills:
 - Level 11.0(16.0) Fighting
 + Level 17.4(22.4) Ranged Weapons
 - Level 5.1(10.1) Armour
 - Level 6.0(11.0) Dodging
 - Level 1.1(6.1) Stealth
 - Level 10.0 Invocations


You had 12 spell levels left.
You didn't know any spells.
Your spell library was empty.

Inventory:

Hand Weapons
 q - the +8 arbalest of Ywameist {flame, Fly rElec Int+4}
   (Okawaru gifted it to you on level 3 of the Lair of Beasts)

   Int+4:     It affects your intelligence (+4).
   rElec:     It insulates you from electricity.
   Fly:       It grants you flight.
 Y - a +5 longbow of draining (weapon)
Armour
 i - a +2 pair of boots (worn)
 r - +2 steam dragon scales (worn)
 s - the +1 helmet of Dymaso {-Tele rElec rCorr MP+9}
   (Okawaru gifted it to you on level 4 of the Lair of Beasts)

   rElec:     It insulates you from electricity.
   MP+9:      It affects your magic capacity (+9).
   -Tele:     It prevents most forms of teleportation.
   rCorr:     It protects you from acid and corrosion.
 t - a +1 helmet (worn)
Jewellery
 f - a ring of ice
 j - an amulet of regeneration
 k - an amulet of faith (around neck)
 l - a +4 ring of protection (left hand)
 n - a ring of protection from fire (right hand)
 p - a +6 ring of strength
Scrolls
 e - a scroll of identify
 h - a scroll of teleportation
Potions
 a - 3 potions of enlightenment
 b - 4 potions of curing
 c - 3 potions of haste
 d - 2 potions of mutation
 g - a potion of resistance
 m - a potion of might
 o - a potion of cancellation

Dungeon Overview and Level Annotations

Branches:
Dungeon (8/15)             Temple (1/1) D:6            Lair (5/5) D:8
  Swamp (0/4) Lair:3       Spider (0/4) Lair:2
  Slime: Lair:4-5

Altars:
Ashenzari
Cheibriados
Elyvilon
Fedhas
Gozag
Kikubaaqudgha
Makhleb
Nemelex Xobeh
Okawaru
Qazlal
Ru
Sif Muna
Trog
Uskayaw
Vehumet
Wu Jian
Xom
Yredelemnul
Zin
The Shining One


Message History

The five-headed hydra bites you!
The five-headed hydra bites you but does no damage. x2
You hear a trumpeting!
11265 ||| READING 2 scrolls of teleportation.
As you read the scroll of teleportation, it crumbles to dust.
You feel strangely unstable.
The blink frog hits you but does no damage.
The water moccasin bites you but does no damage.
The five-headed hydra bites you. The five-headed hydra misses you.
The five-headed hydra bites you but does no damage.
The five-headed hydra barely misses you.
The five-headed hydra bites you but does no damage.
You shoot an arrow. The arrow hits the five-headed hydra!
You drain the five-headed hydra.
The five-headed hydra is moderately wounded.
The blink frog hits you but does no damage.
The water moccasin closely misses you.
The blink frog hits you but does no damage.
The five-headed hydra bites you but does no damage. x2
The five-headed hydra misses you.
The five-headed hydra bites you but does no damage. x2
You shoot an arrow. The arrow hits the five-headed hydra!
You drain the five-headed hydra.
The five-headed hydra is heavily wounded.
The blink frog misses you.
The water moccasin bites you but does no damage.
The blink frog hits you but does no damage.
You shoot an arrow. The arrow hits the five-headed hydra!!
The five-headed hydra is almost dead.
The blink frog misses you. The water moccasin closely misses you.
The blink frog barely misses you.
The five-headed hydra barely misses you.
The five-headed hydra completely misses you.
The five-headed hydra bites you but does no damage. x2
The five-headed hydra completely misses you.
You shoot an arrow. The arrow hits the five-headed hydra!
You kill the five-headed hydra!
Okawaru accepts your kill. The blink frog hits you!
You die...

##..<......$.7P~~.
~~....$......~~~~
~P...........P~
#~...^......7 .
##~..........7~~P.
~~~...#...<...7~
~~F...y........~~.
#~..#%S..........
#~ #@F..........
##F.#........
.........P..
#..........P.
.............
............
.....#..#. ....#.


You could see 2 blink frogs, a hornet (drained) and a water moccasin.

Vanquished Creatures
  5 hydras
  A two-headed ogre (D:7)
  2 skysharks
  32 elephants
  2 black mambas
  10 cane toads
  3 rime drakes
  9 komodo dragons
  7 polar bears
  9 blink frogs
  10 dream sheep (Lair:4)
  A wyvern (Lair:3)
  A basilisk (Lair:2)
  16 yaks
  A redback (Lair:2)
  A steam dragon (D:8)
  3 wargs (D:8)
  A swamp drake (Lair:3)
  10 water moccasins
  3 sky beasts (D:7)
  2 black bears
  3 ice beasts
  An orc warrior (D:8)
  An ogre (D:5)
  7 wolves (Lair:2)
  A centaur (D:8)
  3 phantoms
  2 kobold brigands (D:8)
  15 bullfrogs
  5 scorpions
  5 wights (D:8)
  6 killer bees (D:7)
  A howler monkey (D:8)
  3 hounds (D:6)
  A jelly (D:7)
  4 orc priests
  2 sleepcaps
  Jessica (D:2)
  An iguana (Lair:3)
  Terence (D:3)
  2 orc wizards (D:8)
  4 hell rats (Lair:4)
  11 adders
  A white imp (D:5)
  2 ufetubi
  3 worms
  5 dart slugs
  14 orcs
  10 bats
  5 endoplasms
  5 giant cockroaches
  2 goblins (D:2)
  6 hobgoblins
  3 quokkas
  6 ball pythons
  A frilled lizard (D:1)
  18 kobolds
  5 rats
295 creatures vanquished.

Notes
Turn   | Place    | Note
-------+----------+-------------------------------------------
     0 | D:1      | qw the Gargoyle Hunter began the quest for the Orb.
     0 | D:1      | Reached XP level 1. HP: 12/12 MP: 1/1
     0 | D:1      | 0 ||| qw: Version: 0.3-a-76-g4403597
     0 | D:1      | 0 ||| qw: Game counter: 241
     0 | D:1      | 0 ||| qw: Melee chars always use a shield: true
     0 | D:1      | 0 ||| qw: God list: Okawaru
     0 | D:1      | 0 ||| qw: Allow faded altars: false
     0 | D:1      | 0 ||| qw: Do Orc after clearing Dungeon:15 true
     0 | D:1      | 0 ||| qw: Do second Lair branch before Depths: true
     0 | D:1      | 0 ||| qw: Lair rune preference: random
     0 | D:1      | 0 ||| qw: Goals: Normal
     0 | D:1      | 0 ||| PLANNING D:1-11
   185 | D:1      | Reached XP level 2. HP: 17/17 MP: 2/2
   740 | D:1      | Reached XP level 3. HP: 21/21 MP: 3/3
   783 | D:1      | 783 ||| UPGRADING to +0 ring mail.
   793 | D:1      | 793 ||| DROPPING +0 leather armour.
   794 | D:1      | 794 ||| UPGRADING to +4 ring of protection.
   795 | D:1      | 795 ||| READING scroll labelled TACSEDATIRGH.
   796 | D:1      | 796 ||| READING 3 scrolls labelled DOL USIWILEFF.
   797 | D:1      | 797 ||| READING 2 scrolls labelled ETAIXZEJICS.
   800 | D:1      | 800 ||| READING scroll labelled HOGAF UDYI.
   801 | D:1      | 801 ||| READING scroll labelled BEDGHUS WOTUN.
   802 | D:1      | 802 ||| READING scroll labelled POHAVO OHORYMU.
   803 | D:1      | 803 ||| READING 2 scrolls of identify.
   803 | D:1      | 803 ||| IDENTIFYING clear potion
   804 | D:1      | 804 ||| DROPPING scroll of butterflies.
   834 | D:2      | Reached skill level 1 in Armour
   954 | D:2      | Reached skill level 5 in Ranged Weapons
  1030 | D:2      | Reached XP level 4. HP: 27/27 MP: 4/4
  1141 | D:2      | Reached skill level 3 in Fighting
  1241 | D:2      | Noticed Jessica
  1242 | D:2      | 1242 ||| Stepping ~*~*~tactically~*~*~ (outnumbered).
  1258 | D:2      | Killed Jessica
  1434 | D:2      | Found a faded altar of an unknown god.
  1547 | D:2      | 1547 ||| READING scroll labelled YSHALU POOTZUS.
  1548 | D:2      | 1548 ||| READING scroll labelled ENELIABATH.
  1549 | D:2      | 1549 ||| READING scroll labelled VEMEAX ZYLL.
  1549 | D:2      | Identified a scroll of acquirement
  1549 | D:2      | 1549 ||| ACQUIRING +2 shortbow of freezing
  1549 | D:2      | Acquired a +2 shortbow of freezing
  1551 | D:2      | 1551 ||| SWAPPING to +2 shortbow of freezing.
  1552 | D:2      | 1552 ||| DROPPING +0 shortbow of draining.
  1553 | D:2      | 1553 ||| READING 2 scrolls of identify.
  1553 | D:2      | 1553 ||| IDENTIFYING fizzy red potion
  1554 | D:2      | 1554 ||| DROPPING potion of lignification.
  1585 | D:3      | 1585 ||| STAIRDANCE
  1589 | D:3      | 1589 ||| STAIRDANCE
  1593 | D:3      | 1593 ||| STAIRDANCE
  1597 | D:3      | 1597 ||| STAIRDANCE
  1601 | D:3      | 1601 ||| STAIRDANCE
  1605 | D:3      | 1605 ||| STAIRDANCE
  1609 | D:3      | 1609 ||| STAIRDANCE
  1613 | D:3      | 1613 ||| STAIRDANCE
  1617 | D:3      | 1617 ||| STAIRDANCE
  1621 | D:3      | 1621 ||| STAIRDANCE
  1625 | D:3      | 1625 ||| STAIRDANCE
  1629 | D:3      | 1629 ||| STAIRDANCE
  1633 | D:3      | 1633 ||| STAIRDANCE
  1637 | D:3      | 1637 ||| STAIRDANCE
  1641 | D:3      | 1641 ||| STAIRDANCE
  1645 | D:3      | 1645 ||| STAIRDANCE
  1649 | D:3      | 1649 ||| STAIRDANCE
  1653 | D:3      | 1653 ||| STAIRDANCE
  1657 | D:3      | 1657 ||| STAIRDANCE
  1661 | D:3      | 1661 ||| STAIRDANCE
  1829 | D:3      | Noticed a scorpion
  1836 | D:3      | Killed a scorpion
  1837 | D:3      | Reached skill level 6 in Ranged Weapons
  1837 | D:3      | Reached XP level 5. HP: 32/32 MP: 5/5
  1844 | D:3      | Noticed Terence
  1853 | D:3      | Killed Terence
  1866 | D:3      | 1866 ||| READING scroll of acquirement.
  1866 | D:3      | 1866 ||| ACQUIRING +1 longbow of draining
  1866 | D:3      | Acquired a +1 longbow of draining
  1868 | D:3      | 1868 ||| SWAPPING to +1 longbow of draining.
  1869 | D:3      | 1869 ||| DROPPING +2 shortbow of freezing.
  1895 | D:3      | Noticed a phantom
  1898 | D:3      | Killed a phantom
  1899 | D:3      | Reached XP level 6. HP: 39/39 MP: 6/6
  2111 | D:3      | Found a bloodstained altar of Trog.
  2169 | D:3      | Found a snail-covered altar of Cheibriados.
  3040 | D:4      | Noticed an ice beast
  3046 | D:4      | Killed an ice beast
  3047 | D:4      | Reached skill level 7 in Ranged Weapons
  3104 | D:4      | Reached XP level 7. HP: 44/44 MP: 7/7
  3202 | D:4      | Found a shimmering blue altar of Sif Muna.
  3267 | D:4      | Found a broken altar of Ashenzari.
  3460 | D:4      | 3460 ||| UPGRADING to +0 pair of boots.
  3465 | D:4      | 3465 ||| READING scroll labelled TUHUWNA HUEC.
  3466 | D:4      | 3466 ||| READING scroll labelled PIJAGEEDAIR.
  3567 | D:4      | 3567 ||| DRINKING 2 murky ruby potions.
  3582 | D:5      | Entered Level 5 of the Dungeon
  3593 | D:5      | Found a hide-covered altar of Uskayaw.
  3631 | D:5      | Found a stormy altar of Qazlal.
  4011 | D:5      | Reached skill level 8 in Ranged Weapons
  4188 | D:5      | Reached XP level 8. HP: 49/49 MP: 8/8
  4234 | D:5      | 4234 ||| DRINKING 2 smoky pink potions.
  4235 | D:5      | 4235 ||| READING 2 scrolls of identify.
  4235 | D:5      | 4235 ||| IDENTIFYING orange potion
  4236 | D:5      | 4236 ||| DROPPING potion of invisibility.
  4278 | D:6      | 4278 ||| READING scroll of enchant armour.
  4278 | D:6      | 4278 ||| ENCHANTING +0 pair of boots.
  4372 | D:6      | 4372 ||| READING scroll labelled HERUNA KUMNA.
  4414 | D:6      | Found a staircase to the Ecumenical Temple.
  4415 | D:6      | 4415 ||| PLANNING TEMPLE
  4459 | D:6      | 4459 ||| UPGRADING to amulet of regeneration.
  4464 | D:6      | 4464 ||| READING 2 scrolls of identify.
  4464 | D:6      | 4464 ||| IDENTIFYING black potion
  4465 | D:6      | 4465 ||| DROPPING potion of degeneration.
  4472 | Temple   | Entered the Ecumenical Temple
  4473 | Temple   | 4473 ||| PLANNING OKAWARU WORSHIP
  4487 | Temple   | Became a worshipper of Warmaster Okawaru
  4488 | Temple   | 4488 ||| PLANNING D:1-11
  4597 | D:6      | Found a white marble altar of Elyvilon.
  4631 | D:6      | Found a glowing golden altar of the Shining One.
  4648 | D:6      | Reached skill level 9 in Ranged Weapons
  5135 | D:6      | 5135 ||| UPGRADING to ring of protection from fire.
  5136 | D:6      | 5136 ||| DRINKING 2 fizzy pink potions.
  5222 | D:7      | 5222 ||| READING scroll of enchant weapon.
  5222 | D:7      | 5222 ||| ENCHANTING +2 longbow of draining.
  5236 | D:7      | Reached skill level 6 in Fighting
  5308 | D:7      | 5308 ||| Stepping ~*~*~tactically~*~*~ (retreating).
  5309 | D:7      | 5309 ||| Stepping ~*~*~tactically~*~*~ (retreating).
  5310 | D:7      | 5310 ||| Stepping ~*~*~tactically~*~*~ (retreating).
  5311 | D:7      | 5311 ||| Stepping ~*~*~tactically~*~*~ (retreating).
  5313 | D:7      | 5313 ||| Stepping ~*~*~tactically~*~*~ (retreating).
  5361 | D:7      | Reached * piety under Okawaru
  5374 | D:7      | Noticed a two-headed ogre
  5375 | D:7      | 5375 ||| INVOKING Heroism.
  5385 | D:7      | Killed a two-headed ogre
  5385 | D:7      | Reached ** piety under Okawaru
  5386 | D:7      | Reached skill level 11 in Ranged Weapons
  5386 | D:7      | Reached XP level 9. HP: 38/55 MP: 7/9
  5407 | D:7      | 5407 ||| READING scroll of enchant weapon.
  5407 | D:7      | 5407 ||| ENCHANTING +3 longbow of draining.
  5421 | D:7      | 5421 ||| INVOKING Heroism.
  5423 | D:7      | Reached skill level 1 in Invocations
  5478 | D:7      | 5478 ||| DRINKING 2 dark potions.
  5479 | D:7      | 5479 ||| DRINKING 2 fizzy emerald potions.
  5585 | D:7      | 5585 ||| READING 2 scrolls of identify.
  5585 | D:7      | 5585 ||| IDENTIFYING fuming puce potion
  5586 | D:7      | 5586 ||| DROPPING potion of berserk rage.
  5594 | D:6      | Found a radiant altar of Vehumet.
  5612 | D:7      | 5612 ||| READING scroll of enchant armour.
  5612 | D:7      | 5612 ||| ENCHANTING +1 pair of boots.
  5712 | D:7      | 5712 ||| INVOKING Heroism.
  5744 | D:7      | 5744 ||| RETREATING.
  5769 | D:7      | Reached skill level 3 in Invocations
  5997 | D:7      | 5997 ||| UPGRADING to amulet of faith.
  6048 | D:8      | Found a sacrificial altar of Ru.
  6110 | D:8      | 6110 ||| Stepping ~*~*~tactically~*~*~ (outnumbered).
  6111 | D:8      | 6111 ||| INVOKING Heroism.
  6113 | D:8      | 6113 ||| RETREATING.
  6114 | D:8      | 6114 ||| Stepping ~*~*~tactically~*~*~ (retreating).
  6115 | D:8      | 6115 ||| Stepping ~*~*~tactically~*~*~ (retreating).
  6116 | D:8      | 6116 ||| Stepping ~*~*~tactically~*~*~ (retreating).
  6117 | D:8      | 6117 ||| Stepping ~*~*~tactically~*~*~ (retreating).
  6119 | D:8      | 6119 ||| Stepping ~*~*~tactically~*~*~ (outnumbered).
  6126 | D:8      | Reached skill level 3 in Dodging
  6144 | D:8      | Found a staircase to the Lair.
  6172 | D:8      | 6172 ||| INVOKING Heroism.
  6177 | D:8      | Reached *** piety under Okawaru
  6178 | D:8      | Reached skill level 3 in Armour
  6289 | D:8      | Reached XP level 10. HP: 63/63 MP: 13/13
  6314 | D:8      | 6314 ||| Stepping ~*~*~tactically~*~*~ (outnumbered).
  6468 | D:8      | 6468 ||| RETREATING.
  6474 | D:8      | 6474 ||| INVOKING Heroism.
  6942 | D:8      | 6942 ||| INVOKING Heroism.
  6963 | D:8      | Found an ancient bone altar of Kikubaaqudgha.
  7172 | D:8      | 7172 ||| PLANNING LAIR
  7172 | D:8      | 7172 ||| UPGRADING to +0 steam dragon scales.
  7182 | D:8      | 7182 ||| DROPPING +0 ring mail.
  7183 | D:8      | 7183 ||| READING scroll labelled DUS YSCHALI.
  7184 | D:8      | 7184 ||| READING 2 scrolls of identify.
  7184 | D:8      | 7184 ||| IDENTIFYING amethyst potion
  7225 | Lair:1   | Entered Level 1 of the Lair of Beasts
  7234 | Lair:1   | 7234 ||| INVOKING Heroism.
  7243 | Lair:1   | Reached skill level 12 in Ranged Weapons
  7248 | Lair:1   | Received a gift from Okawaru
  7406 | Lair:1   | 7406 ||| INVOKING Heroism.
  7416 | Lair:1   | Reached **** piety under Okawaru
  7446 | Lair:1   | 7446 ||| INVOKING Heroism.
  7652 | Lair:1   | 7652 ||| INVOKING Heroism.
  7657 | Lair:1   | Reached skill level 13 in Ranged Weapons
  7773 | Lair:1   | 7773 ||| DROPPING ring of wizardry.
  7784 | Lair:2   | 7784 ||| INVOKING Heroism.
  7805 | Lair:2   | 7805 ||| READING scroll of enchant armour.
  7805 | Lair:2   | 7805 ||| ENCHANTING +0 steam dragon scales.
  7810 | Lair:2   | Reached XP level 11. HP: 69/69 MP: 14/14
  7847 | Lair:2   | 7847 ||| INVOKING Heroism.
  7851 | Lair:2   | Reached skill level 9 in Fighting
  7920 | Lair:2   | 7920 ||| RETREATING.
  7922 | Lair:2   | 7922 ||| Stepping ~*~*~tactically~*~*~ (retreating).
  7925 | Lair:2   | 7925 ||| Stepping ~*~*~tactically~*~*~ (retreating).
  7926 | Lair:2   | 7926 ||| Stepping ~*~*~tactically~*~*~ (retreating).
  7927 | Lair:2   | 7927 ||| Stepping ~*~*~tactically~*~*~ (retreating).
  7928 | Lair:2   | 7928 ||| Stepping ~*~*~tactically~*~*~ (retreating).
  7929 | Lair:2   | 7929 ||| Stepping ~*~*~tactically~*~*~ (retreating).
  7930 | Lair:2   | 7930 ||| Stepping ~*~*~tactically~*~*~ (retreating).
  7994 | Lair:2   | 7994 ||| INVOKING Heroism.
  7998 | Lair:2   | Reached skill level 6 in Invocations
  8033 | Lair:2   | Found a hole to the Spider Nest.
  8056 | Lair:2   | 8056 ||| INVOKING Heroism.
  8106 | Lair:2   | Noticed a five-headed hydra
  8107 | Lair:2   | 8107 ||| RETREATING.
  8148 | Lair:2   | 8148 ||| INVOKING Heroism.
  8153 | Lair:2   | Killed a five-headed hydra
  8217 | Lair:2   | 8217 ||| RETREATING.
  8254 | Lair:2   | 8254 ||| INVOKING Heroism.
  8325 | Lair:2   | Noticed a skyshark
  8333 | Lair:2   | Killed a skyshark
  8333 | Lair:2   | Reached ***** piety under Okawaru
  8552 | Lair:2   | Reached skill level 14 in Ranged Weapons
  8794 | Lair:3   | 8794 ||| INVOKING Heroism.
  8797 | Lair:3   | 8797 ||| Stepping ~*~*~tactically~*~*~ (retreating).
  8805 | Lair:3   | Noticed a skyshark
  8818 | Lair:3   | Killed a skyshark
  8858 | Lair:3   | Reached skill level 9 in Invocations
  8858 | Lair:3   | Reached XP level 12. HP: 73/77 MP: 18/18
  8863 | Lair:3   | 8863 ||| INVOKING Heroism.
  9004 | Lair:3   | 9004 ||| RETREATING.
  9013 | Lair:3   | 9013 ||| RETREATING.
  9029 | Lair:3   | 9029 ||| Stepping ~*~*~tactically~*~*~ (retreating).
  9030 | Lair:3   | 9030 ||| Stepping ~*~*~tactically~*~*~ (retreating).
  9031 | Lair:3   | 9031 ||| Stepping ~*~*~tactically~*~*~ (retreating).
  9032 | Lair:3   | 9032 ||| Stepping ~*~*~tactically~*~*~ (retreating).
  9040 | Lair:3   | Received a gift from Okawaru
  9119 | Lair:3   | 9119 ||| RETREATING.
  9128 | Lair:3   | Identified the +8 arbalest of Ywameist {flame, Fly rElec
                  | Int+4} (Okawaru gifted it to you on level 3 of the Lair of
                  | Beasts)
  9128 | Lair:3   | Received a gift from Okawaru
  9131 | Lair:3   | 9131 ||| FLEEEEING.
  9132 | Lair:3   | 9132 ||| FLEEEEING.
  9133 | Lair:3   | 9133 ||| FLEEEEING.
  9134 | Lair:3   | 9134 ||| FLEEEEING.
  9135 | Lair:3   | 9135 ||| FLEEEEING.
  9136 | Lair:3   | 9136 ||| FLEEEEING.
  9137 | Lair:3   | 9137 ||| FLEEEEING.
  9138 | Lair:3   | 9138 ||| FLEEEEING.
  9139 | Lair:3   | 9139 ||| FLEEEEING.
  9140 | Lair:3   | 9140 ||| FLEEEEING.
  9147 | Lair:3   | 9147 ||| FLEEEEING.
  9148 | Lair:3   | 9148 ||| FLEEEEING.
  9150 | Lair:3   | 9150 ||| FLEEEEING.
  9151 | Lair:3   | 9151 ||| FLEEEEING.
  9152 | Lair:3   | 9152 ||| FLEEEEING.
  9153 | Lair:3   | 9153 ||| STAIRDANCE
  9194 | Lair:2   | 9194 ||| READING 3 scrolls of identify.
  9194 | Lair:2   | 9194 ||| IDENTIFYING glowing blue potion
  9195 | Lair:2   | 9195 ||| READING 2 scrolls of identify.
  9195 | Lair:2   | 9195 ||| IDENTIFYING fuming emerald potion
  9196 | Lair:2   | 9196 ||| DROPPING potion of ambrosia.
  9197 | Lair:2   | 9197 ||| DROPPING potion of attraction.
  9200 | Lair:3   | 9200 ||| STAIRDANCE
  9285 | Lair:3   | 9285 ||| STAIRDANCE
  9324 | Lair:3   | 9324 ||| INVOKING Heroism.
  9450 | Lair:3   | Found a staircase to the Swamp.
  9528 | Lair:3   | 9528 ||| INVOKING Heroism.
  9590 | Lair:3   | 9590 ||| INVOKING Heroism.
  9598 | Lair:3   | 9598 ||| RETREATING.
  9615 | Lair:3   | Reached skill level 15 in Ranged Weapons
  9624 | Lair:3   | Noticed a five-headed hydra
  9627 | Lair:3   | Killed a five-headed hydra
  9627 | Lair:3   | Reached ****** piety under Okawaru
  9627 | Lair:3   | Received a gift from Okawaru
  9701 | Lair:3   | Identified the +1 buckler of Impermeability {rC+ rN++
                  | Will-} (Okawaru gifted it to you on level 3 of the Lair of
                  | Beasts)
  9701 | Lair:3   | Received a gift from Okawaru
  9858 | Lair:3   | 9858 ||| UPGRADING to +1 helmet.
  9863 | Lair:3   | 9863 ||| READING scroll labelled XAWICH ODWESCH.
  9892 | Lair:4   | 9892 ||| INVOKING Heroism.
  9893 | Lair:4   | 9893 ||| RETREATING.
  9896 | Lair:4   | 9896 ||| Stepping ~*~*~tactically~*~*~ (retreating).
  9897 | Lair:4   | 9897 ||| Stepping ~*~*~tactically~*~*~ (retreating).
  9898 | Lair:4   | 9898 ||| Stepping ~*~*~tactically~*~*~ (retreating).
  9899 | Lair:4   | 9899 ||| Stepping ~*~*~tactically~*~*~ (retreating).
  9910 | Lair:4   | Noticed a five-headed hydra
  9923 | Lair:4   | Killed a five-headed hydra
  9924 | Lair:4   | HP: 13/77 [komodo dragon (9)]
  9925 | Lair:4   | 9925 ||| READING 4 scrolls of teleportation.
  9932 | Lair:4   | 9932 ||| READING 3 scrolls of teleportation.
  9938 | Lair:4   | 9938 ||| STAIRDANCE
  9939 | Lair:3   | Noticed an eight-headed hydra
  9940 | Lair:3   | 9940 ||| FLEEEEING.
  9941 | Lair:3   | 9941 ||| FLEEEEING.
  9942 | Lair:3   | 9942 ||| FLEEEEING.
  9943 | Lair:3   | 9943 ||| FLEEEEING.
  9946 | Lair:3   | 9946 ||| FLEEEEING.
  9947 | Lair:3   | 9947 ||| FLEEEEING.
  9948 | Lair:3   | 9948 ||| FLEEEEING.
  9949 | Lair:3   | 9949 ||| FLEEEEING.
  9950 | Lair:3   | 9950 ||| FLEEEEING.
  9951 | Lair:3   | 9951 ||| FLEEEEING.
  9952 | Lair:3   | 9952 ||| FLEEEEING.
  9953 | Lair:3   | 9953 ||| STAIRDANCE
 10131 | Lair:3   | 10131 ||| INVOKING Heroism.
 10137 | Lair:3   | Killed an eight-headed hydra
 10138 | Lair:3   | Reached skill level 16 in Ranged Weapons
 10138 | Lair:3   | Reached XP level 13. HP: 30/82 MP: 17/20
 10138 | Lair:3   | 10138 ||| STAIRDANCE
 10308 | Lair:3   | 10308 ||| INVOKING Heroism.
 10325 | Lair:4   | 10325 ||| STAIRDANCE
 10389 | Lair:4   | 10389 ||| INVOKING Heroism.
 10449 | Lair:4   | 10449 ||| Stepping ~*~*~tactically~*~*~ (retreating).
 10450 | Lair:4   | 10450 ||| Stepping ~*~*~tactically~*~*~ (retreating).
 10451 | Lair:4   | 10451 ||| RETREATING.
 10468 | Lair:4   | 10468 ||| FLEEEEING.
 10469 | Lair:4   | 10469 ||| FLEEEEING.
 10472 | Lair:4   | 10472 ||| STAIRDANCE
 10535 | Lair:4   | 10535 ||| RETREATING.
 10537 | Lair:4   | 10537 ||| Stepping ~*~*~tactically~*~*~ (retreating).
 10607 | Lair:4   | Identified the +1 helmet of Dymaso {-Tele rElec rCorr MP+9}
                  | (Okawaru gifted it to you on level 4 of the Lair of Beasts)
 10607 | Lair:4   | Received a gift from Okawaru
 10672 | Lair:4   | 10672 ||| RETREATING.
 10684 | Lair:4   | 10684 ||| Stepping ~*~*~tactically~*~*~ (retreating).
 10685 | Lair:4   | 10685 ||| Stepping ~*~*~tactically~*~*~ (retreating).
 10717 | Lair:4   | Reached skill level 17 in Ranged Weapons
 10726 | Lair:4   | 10726 ||| INVOKING Heroism.
 10825 | Lair:4   | Reached skill level 6 in Dodging
 10826 | Lair:4   | 10826 ||| RETREATING.
 10973 | Lair:4   | 10973 ||| READING scroll of enchant armour.
 10973 | Lair:4   | 10973 ||| ENCHANTING +1 steam dragon scales.
 11119 | Lair:4   | 11119 ||| READING scroll of enchant weapon.
 11119 | Lair:4   | 11119 ||| ENCHANTING +4 longbow of draining.
 11240 | Lair:5   | Entered Level 5 of the Lair of Beasts
 11241 | Lair:5   | 11241 ||| RETREATING.
 11242 | Lair:5   | 11242 ||| Stepping ~*~*~tactically~*~*~ (retreating).
 11243 | Lair:5   | 11243 ||| Stepping ~*~*~tactically~*~*~ (retreating).
 11244 | Lair:5   | 11244 ||| Stepping ~*~*~tactically~*~*~ (retreating).
 11245 | Lair:5   | 11245 ||| INVOKING Heroism.
 11264 | Lair:5   | HP: 14/84 [five-headed hydra (10)]
 11265 | Lair:5   | 11265 ||| READING 2 scrolls of teleportation.
 11269 | Lair:5   | Slain by a blink frog

Levels and vault maps discovered:
D:1:      sevenhm_arrival_forest_fort_large_4, layout_basic, interstate_on_off,
          minmay_small_reverse_x
D:2:      layout_loops_ring, dilly_ecumenical_altar_fadedgnrine, uniq_jessica
D:3:      layout_loops_corners, slow_altar_1, trog_book, grunt_ministairs_5,
          uniq_terence
D:4:      layout_basic, ashenzari_altar_1, lemuel_crystal_altar, serial_rivers,
          chequers_serial_rivers_micro_e, chequers_serial_rivers_small_a,
          chequers_serial_rivers_micro_a, chequers_serial_rivers_large_a,
          chequers_serial_rivers_room_a, chequers_serial_rivers_room_a,
          minmay_quantized
D:5:      layout_basic, general_overflow_altar, grunt_qazlal_sundering,
          serial_bayou_pond_c
D:6:      layout_basic, nicolae_overflow_hidden_temple,
          mainiacjoe_overflow_small_starburst,
          mainiacjoe_overflow_concentric_impassable,
          minmay_temple_entry_proselytizer, serial_glass, glass_columns_c,
          glass_columns_c, glass_columns_a, glass_columns_a, glass_columns_a,
          glass_columns_a, glass_columns_c, glass_columns_b,
          minmay_strange_pillars, skrybe_limestone_x
D:7:      layout_basic
D:8:      layout_gridville, marbit_many_paths, nicolae_ru_awakened_eye,
          erik_lair_orcish_takeover, chequers_jeans, grunt_decor_arrowhead
Temple:   compressed_dpeg_triangle_lava_temple
Lair:1:   layout_long_grid, cheibrodos_lair_lostbears, lemuel_fruit_tree
Lair:2:   layout_gridlike, spider_nest_entry_webs, beast_lair_carwin_8
Lair:3:   layout_loops_ring, minmay_swamp_entry_reptiles, grunt_megastairs_2
Lair:4:   layout_misc_corridors, cheibrodos_lair_reptile_den
Lair:5:   gammafunk_lair_ancient_temple, layout_misc_corridors,
          minmay_slime_entry_jelly_boxes, chequers_serial_rivers_small_a,
          chequers_serial_rivers_room_a, serial_bayou_lagoon_b

Skill      XL: |  1  2  3  4  5  6  7  8  9 10 11 12 13 |
---------------+----------------------------------------+-----
Armour         | 1 2 3 4 5 |  5.1
Ranged Weapons | 5 6 7 8 11 13 14 16 17 | 17.4
Fighting       | 3 4 5 6 7 8 10 11 | 11.0
Dodging        | 2 3 4 5 6 |  6.0
Invocations    | 4 5 9 10 | 10.0
Stealth        | |  1.1

Action                     |  1- 3 |  4- 6 |  7- 9 | 10-12 | 13-15 || total
---------------------------+-------+-------+-------+-------+-------++-------
   Fire: Shortbow          |    87 |    61 |       |       |       ||   148
         Longbow           |       |    68 |   176 |   463 |   231 ||   938
 Invoke: Heroism           |       |       |     5 |    19 |     4 ||    28
    Use: Scroll            |     7 |     5 |    10 |     8 |     3 ||    33
         Potion            |       |       |     5 |       |       ||     5
 Armour: Leather armour    |     9 |       |       |       |       ||     9
         Ring mail         |    15 |    36 |    81 |    37 |       ||   169
         Steam dragon scal |       |       |       |   155 |   156 ||   311
  Dodge: Dodged            |    26 |    27 |    74 |   220 |   118 ||   465

Table legend:
 A = Non-vault XP
 B = Vault XP
 C = Vault XP percentage of total XP
 D = Non-vault monster count
 E = Vault monster count
 F = Vault count percentage of total count
                 A         B        C        D         E       F
            +---------+---------+-------+---------+---------+-------
      Total |   44876 |    5792 |  11.4 |     250 |      45 |  15.3
            +---------+---------+-------+---------+---------+-------
        D:1 |      29 |       7 |  19.4 |      17 |       4 |  19.0
        D:2 |      75 |      37 |  33.0 |      23 |       1 |   4.2
        D:3 |     233 |      44 |  15.9 |      15 |       4 |  21.1
        D:4 |      69 |     129 |  65.2 |      10 |       2 |  16.7
        D:5 |     638 |       0 |   0.0 |       9 |       0 |   0.0
        D:6 |     506 |      43 |   7.8 |      12 |       1 |   7.7
        D:7 |    2162 |       0 |   0.0 |      21 |       0 |   0.0
        D:8 |    1068 |     731 |  40.6 |      24 |       9 |  27.3
     Lair:1 |    2206 |     853 |  27.9 |      10 |       3 |  23.1
     Lair:2 |    6510 |    1318 |  16.8 |      25 |      11 |  30.6
     Lair:3 |   11743 |    2275 |  16.2 |      29 |       9 |  23.7
     Lair:4 |   17539 |     355 |   2.0 |      50 |       1 |   2.0
     Lair:5 |    2098 |       0 |   0.0 |       5 |       0 |   0.0
            +---------+---------+-------+---------+---------+-------
